 Dungeon Crawl Stone Soup version 0.30.1-11-g7821555f0a (webtiles) character file.

Game seed: 14920572122092162405

11631 ChrisAssaf the Chopper (level 12, 0/123 HPs)
             Began as a Djinni Artificer on Dec 12, 2023.
             Was the Champion of Jiyva.
             Slain by a six-headed hydra (5 damage)
             ... on level 3 of the Lair of Beasts.
             The game lasted 00:35:49 (9588 turns).

ChrisAssaf the Chopper (Djinni Artificer)           Turns: 9588, Time: 00:35:50

Health: 0/123      AC: 26    Str: 12    XL:     12   Next: 10%
Gold:   416        EV:  2    Int: 20    God:    Jiyva [******] SH:  0 Dex: 19

rFire   . . .        K - +2 battleaxe (elec)
rCold   . . .        (shield currently unavailable)
rNeg    . . .        s - melded +3 leather armour {rC+}
rPois   ∞            (helmet currently unavailable)
rElec   .            G - melded +2 cloak
rCorr   +            (gloves currently unavailable)
SInv    +            (boots unavailable)
Will    +....        (no amulet)
Stlth   +++          C - +6 ring of intelligence
HPRegen 2.80/turn    L - +4 ring of slaying
MPRegen 0.00/turn

%: clarity, infuse magic (-1 HP)
@: tree-form, calling ooze
A: stationary, stasis, torment immunity, boosted hp, sickness immunity, (fire
resistance 2), (cold vulnerability 1), float, innate caster, HP casting, extra
vitality 1, see invisible, agile 1, clarity, sense surroundings 3, regeneration
1, (acidic bite), (gelatinous body 1), (translucent skin 3), (jelly absorbing
missiles), (engulf)
a: Renounce Religion, Oozemancy, Slimify


You were on level 3 of the Lair of Beasts.
You worshipped Jiyva.
Jiyva was exalted by your worship.
You were a tree.
You visited 2 branches of the dungeon, and saw 13 of its levels.
You also visited: Sewer.

You collected 459 gold pieces.
You spent 43 gold pieces at shops.

Inventory:

Hand Weapons
 j - a +2 dagger of holy wrath
 F - a +4 quarterstaff of draining
 K - a +2 battleaxe of electrocution (weapon)
Missiles
 r - 11 curare-tipped darts (quivered)
 B - 7 boomerangs
Armour
 b - a +1 leather armour
 k - a +6 chain mail of ponderousness
 s - a +3 leather armour of cold resistance (melded)
 v - the +0 ring mail of Valour {rF+ Dex+3 Slay-2}
   (You found it on level 3 of the Dungeon)

   Dex:       It affects your dexterity (+3).
   Slay:      It affects your accuracy & damage with ranged weapons and melee
   (-2).
   rF:        It protects you from fire.
 G - a +2 cloak (melded)
Jewellery
 o - a ring of poison resistance
 q - an amulet of faith
 C - a +6 ring of intelligence (left branch)
 L - a +4 ring of slaying (right branch)
Wands
 a - a wand of roots (6)
 c - a wand of flame (5)
 d - a wand of charming (15)
Scrolls
 n - 4 scrolls of fog
 p - 2 scrolls of amnesia
 w - 4 scrolls of enchant armour
 y - a scroll of noise
 z - 2 scrolls of torment
 A - 2 scrolls of teleportation
 I - a scroll of magic mapping
 M - a scroll of fear {unknown}
 N - a scroll of poison {unknown}
 O - a scroll of immolation {unknown}
 P - a scroll of summoning {unknown}
Potions
 f - 3 potions of attraction {unknown}
 g - 2 potions of curing {unknown}
 i - 3 potions of invisibility {unknown}
 l - a potion of might {unknown}
 m - 3 potions of cancellation {unknown}
 t - 3 potions of heal wounds {unknown}
 x - 2 potions of haste {unknown}
 D - a potion of mutation {unknown}
 E - a potion of berserk rage {unknown}
 H - a potion of degeneration {unknown}


   Skills:
 * Level 5.7 Fighting
 - Level 3.0 Short Blades
 * Level 6.9(7.0) Axes
 + Level 0.4(5.5) Maces & Flails
 * Level 5.7(5.8) Staves
 * Level 4.2 Throwing
 * Level 5.7 Armour
 * Level 6.4 Dodging
 * Level 4.9 Stealth
 * Level 3.8 Spellcasting
 * Level 6.5 Evocations


You knew the following spells:

 Your Spells              Type           Power      Damage    Failure   Level
a - Summon Small Mammal   Summ           76%        N/A       2%          1
b - Wereblood             Tmut           19%        N/A       4%          2
c - Dazzling Flash        Conj/Hex       38%        N/A       9%          3
d - Vhi's Electric Charg  Tloc/Air       38%        N/A       9%          3
e - Fulminant Prism       Conj/Hex       9%         3d6       26%         4
Your spell library was empty.

Dungeon Overview and Level Annotations

Branches:
Dungeon (10/15)            Temple (0/1) D:5            Lair (3/5) D:10
  Snake (0/4) Lair:3        Sewer (visited)
  Swamp: Lair:2-3    Shoals: Lair:2-3       Orc: D:9-12

Altars:
Dithmenos
Okawaru
Yredelemnul
Jiyva

Shops:
D:5 :   D:8 (=

Annotations:
D:8 2 transporters


Innate Abilities, Weirdness & Mutations

You are a tree.
Your roots penetrate the ground, keeping you stationary.
You cannot be teleported.
You are immune to unholy pain and torment.
Your maximum health is greatly increased.
Your equipment is partially melded.
You are immune to sickness and miasma.
You are immune to poison.
((Your flesh is very heat resistant. (rF++)))
((You are vulnerable to cold. (rC-)))
You float through the air rather than walking.
You learn spells naturally, not from books.
Your magical power is your life essence.
You have superior vitality. (+4 MHP)
You have supernaturally acute eyesight. (SInv)
You are agile. (Dex +4, Str/Int -1)
You possess an exceptional clarity of mind.
You passively map a large area around you.
Your natural rate of healing is unusually fast.
((You have acidic saliva.))
((Your rubbery body absorbs attacks. (AC +1, EV +1)))
((Your transparent skin significantly reduces your foes' accuracy. (Stealth+)))
((You have a small jelly attached to you that may absorb projectiles.))
((Your melee attacks may engulf your foes in ooze.))


Message History

The blink frog is severely wounded.
You lop one of the five-headed hydra's heads off!
The four-headed hydra grows two more!
You slash the six-headed hydra! You completely miss the blink frog.
The blink frog barely misses you.
The blink frog blinks!
The blink frog barely misses you. The blink frog misses you.
The blink frog blinks!
The six-headed hydra bites you. The six-headed hydra misses you.
The six-headed hydra bites you.
The six-headed hydra bites you but does no damage. x2
The six-headed hydra bites you! The blink frog closely misses you.
Activating: Oozemancy (0% risk of failure)
Press: ? - help, Dir - look around, f - activate Slime begins to ooze from the nearby walls!
The blink frog closely misses you. The blink frog misses you.
The walls burn the six-headed hydra!
The six-headed hydra bites you!
* * * LOW HITPOINT WARNING * * *
The six-headed hydra bites you.
* * * LOW HITPOINT WARNING * * *
The six-headed hydra bites you but does no damage.
The six-headed hydra closely misses you.
The six-headed hydra bites you!
* * * LOW HITPOINT WARNING * * *
The six-headed hydra barely misses you. The blink frog barely misses you.
The walls burn the six-headed hydra!
The blink frog hits you!
* * * LOW HITPOINT WARNING * * *
The blink frog blinks!
The wall burns the blink frog!
The blink frog misses you.
Really quaff the potion of lignification?
You turn into a tree.
Your +2 cloak melds into your body.
Your +3 leather armour of cold resistance melds into your body.
You feel less resistant to cold.
Your roots penetrate the ground.
The wall burns the blink frog! x2
The blink frog hits you but does no damage.
The walls burn the six-headed hydra!
The six-headed hydra bites you but does no damage.
The six-headed hydra bites you.
* * * LOW HITPOINT WARNING * * *
The six-headed hydra bites you but does no damage. x3
The six-headed hydra bites you.
You die...

* ,, #..... * ...8 +,
*, ...#. #.... , * *
*...###....# ..
#........# *,, #.#
#...8...###,, #..##
#.........# *
####...####.8...8.#..
*
##..###..##DF.......+
**
#..........♣..F8......
*
*#.......#.F........#.
, #.....#.#....###...#
, #...........## ....#
,,, #.......8..####
...# ##.........##..#
... #......#......#
.F. , ####.#..#...###
* * ####....#.# *


You could see a six-headed hydra (corroded) and 3 blink frogs.

Vanquished Creatures
  Snorg (D:10)
  Pikel (D:4)
  A black mamba (Lair:2)
  Maggie (D:9)
  A hornet (D:9)
  4 trolls
  2 blink frogs (Lair:2)
  24 yaks
  A wyvern (D:9)
  A basilisk (Lair:1)
  A steam dragon (D:10)
  An acid dragon (D:9)
  2 water moccasins
  2 ice beasts
  2 sky beasts (D:7)
  2 orc warriors
  A black bear (D:6)
  An ogre (D:7)
  A centaur (D:8)
  2 wolves (D:10)
  3 phantoms
  2 kobold brigands
  3 bullfrogs
  2 gnoll sergeants
  2 scorpions
  7 wights
  13 killer bees
  A howler monkey (D:8)
  An electric eel (D:10)
  Crazy Yiuf (D:4)
  3 hounds (D:10)
  Ijyb (D:4)
  Terence (D:2)
  Natasha (twice) (D:4)
  6 orc wizards
  4 adders
  9 gnolls
  2 shadow imps
  2 ufetubi (Sewer)
  2 dart slugs
  21 orcs
  6 bats
  5 giant cockroaches
  6 goblins
  5 hobgoblins
  3 quokkas
  7 ball pythons
  2 frilled lizards
  22 kobolds
  8 rats
204 creatures vanquished.

Vanquished Creatures (collateral kills)
  A black mamba (Lair:3)
  A rime drake (Lair:3)
  A yak (D:9)
  2 ogres
  A killer bee (D:9)
  An electric eel (D:10)
  2 hounds (D:10)
  An orc (D:7)
10 creatures vanquished.

Vanquished Creatures (others)
  Grinder (Sewer)
  A troll (D:9)
  A slime creature (D:9)
  A yak (D:9)
  A wyvern (D:10)
  A black bear (D:6)
  A phantom (Sewer)
  A bullfrog (D:8)
  A kobold brigand (Sewer)
  A killer bee (D:9)
  12 jellies
  A hound (D:5)
  An orc priest (D:7)
  Natasha (D:4)
  2 orc wizards (D:5)
  An adder (D:5)
  An ufetubus (Sewer)
  An adder zombie (Sewer)
  5 orcs (D:5)
  3 endoplasms (Sewer)
  A goblin (D:1)
  A hobgoblin (D:3)
  8 kobolds
  A ball python (D:2)
  A kobold zombie (Sewer)
  A fulminant prism (D:10)
51 creatures vanquished.

Grand Total: 265 creatures vanquished

Notes
Turn   | Place    | Note
-------+----------+-------------------------------------------
     0 | D:1      | ChrisAssaf the Djinni Artificer began the quest for the
                  | Orb.
     0 | D:1      | Reached XP level 1. HP: 17/17 MP: 0/0
    64 | D:1      | Reached XP level 2. HP: 17/22 MP: 0/0
   106 | D:1      | Reached skill level 1 in Stealth
   316 | D:2      | Noticed Terence
   326 | D:2      | Killed Terence
   327 | D:2      | Reached XP level 3. HP: 15/27 MP: 0/0
   327 | D:2      | Learned a level 1 spell: Summon Small Mammal
   431 | D:3      | Found a faded altar of an unknown god.
   478 | D:3      | Prayed at the altar of an unknown god.
   478 | D:3      | Became a worshipper of Jiyva Jysh the Shapeless
   478 | D:3      | Reached * piety under Jiyva
   628 | D:3      | Noticed a scorpion
   641 | D:3      | Reached XP level 4. HP: 20/32 MP: 0/0
   659 | D:3      | Killed a scorpion
   660 | D:3      | Reached skill level 1 in Short Blades
   660 | D:3      | Reached XP level 5. HP: 37/37 MP: 0/0
   660 | D:3      | Learned a level 2 spell: Wereblood
   829 | D:3      | You are sucked into a shaft and drop 1 floor!
   829 | D:4      | Reached ** piety under Jiyva
   910 | D:4      | Noticed Pikel
   912 | D:4      | Noticed a lemure
   913 | D:4      | Noticed a lemure
   915 | D:4      | Noticed a lemure
   916 | D:4      | Killed Pikel
   917 | D:4      | Reached skill level 1 in Throwing
   917 | D:4      | Reached skill level 1 in Spellcasting
   917 | D:4      | Reached XP level 6. HP: 43/43 MP: 0/0
   917 | D:4      | Reached XP level 7. HP: 49/49 MP: 0/0
   917 | D:4      | Learned a level 3 spell: Dazzling Flash
   917 | D:4      | Noticed Ijyb
   922 | D:4      | Killed Ijyb
  1042 | D:3      | Identified the +0 ring mail of Valour {rF+ Dex+3 Slay-2}
  1493 | D:2      | Reached *** piety under Jiyva
  2384 | D:1      | Gained mutation: You have acidic saliva. [Jiyva's grace]
  2384 | D:1      | Gained mutation: You are agile. (Dex +4, Str/Int -1)
                  | [Jiyva's grace]
  2384 | D:1      | Gained mutation: You are very agile. (Dex +8, Str/Int -2)
                  | [Jiyva's grace]
  2384 | D:1      | Gained mutation: Your rubbery body absorbs attacks. (AC +1,
                  | EV +1) [Jiyva's grace]
  2772 | D:4      | Reached **** piety under Jiyva
  2812 | D:4      | Noticed Natasha
  2816 | D:4      | Killed Natasha
  2856 | D:4      | Reached XP level 8. HP: 54/55 MP: 0/0
  2894 | D:4      | Noticed Natasha
  2907 | D:4      | Killed Natasha
  3149 | D:4      | Killed Natasha
  3312 | D:4      | Found a runed translucent door.
  3313 | D:4      | Noticed Crazy Yiuf
  3329 | D:4      | Killed Crazy Yiuf
  3452 | D:5      | Entered Level 5 of the Dungeon
  3475 | D:5      | Found Kyxebb's Book Boutique.
  3689 | D:5      | Found a glowing drain.
  3693 | Sewer    | Entered a sewer
  3864 | Sewer    | Reached ***** piety under Jiyva
  3917 | Sewer    | Noticed Grinder
  3923 | Sewer    | Killed Grinder
  4112 | D:5      | Reached skill level 1 in Staves
  4336 | D:5      | Found a staircase to the Ecumenical Temple.
  4357 | D:5      | Lost mutation: You are very agile. (Dex +8, Str/Int -2)
                  | [Jiyva's grace]
  4357 | D:5      | Gained mutation: Your melee attacks may engulf your foes in
                  | ooze. [Jiyva's grace]
  4357 | D:5      | Gained mutation: You have supernaturally acute eyesight.
                  | (SInv) [Jiyva's grace]
  4357 | D:5      | Gained mutation: You have a small jelly attached to you
                  | that may absorb projectiles. [Jiyva's grace]
  4357 | D:5      | Gained mutation: You possess an exceptional clarity of
                  | mind. [Jiyva's grace]
  4779 | D:6      | Found a shadowy altar of Dithmenos.
  5351 | D:7      | Reached XP level 9. HP: 43/60 MP: 0/0
  5351 | D:7      | Learned a level 3 spell: Vhi's Electric Charge
  5613 | D:7      | Reached skill level 5 in Evocations
  5644 | D:7      | Reached ****** piety under Jiyva
  6132 | D:8      | Gained mutation: You have a small jelly attached to you
                  | that senses nearby items. [Jiyva's grace]
  6132 | D:8      | Gained mutation: Your translucent skin slightly reduces
                  | your foes' accuracy. (Stealth+) [Jiyva's grace]
  6132 | D:8      | Gained mutation: Your translucent skin reduces your foes'
                  | accuracy. (Stealth+) [Jiyva's grace]
  6132 | D:8      | Gained mutation: Your transparent skin significantly
                  | reduces your foes' accuracy. (Stealth+) [Jiyva's grace]
  6137 | D:8      | Noticed a death knight
  6148 | D:8      | Found a transporter.
  6151 | D:8      | Found a transporter.
  6214 | D:8      | Found a basalt altar of Yredelemnul.
  6218 | D:8      | Noticed a death knight
  6260 | D:8      | Found Caiz's Weapon Emporium.
  6266 | D:8      | Bought 3 curare-tipped darts for 43 gold pieces
  6358 | D:8      | Found Ziory's Jewellery Boutique.
  6369 | D:8      | Noticed a troll
  6372 | D:8      | Reached skill level 1 in Axes
  6386 | D:8      | Killed a troll
  6456 | D:8      | Reached XP level 10. HP: 67/67 MP: 0/0
  6573 | D:8      | Reached skill level 5 in Dodging
  6638 | D:8      | Found an iron altar of Okawaru.
  7898 | D:9      | Noticed a two-headed ogre
  7902 | D:9      | Slimified a two-headed ogre
  7902 | D:9      | a two-headed ogre changed into a slime creature
  8042 | D:9      | Reached skill level 5 in Staves
  8056 | D:9      | Noticed Maggie
  8062 | D:9      | Killed Maggie
  8063 | D:9      | Reached skill level 5 in Armour
  8110 | D:9      | Noticed a green ugly thing
  8132 | D:9      | Slimified a green ugly thing
  8132 | D:9      | a green ugly thing changed into a slime creature
  8176 | D:9      | Reached XP level 11. HP: 74/74 MP: 0/0
  8176 | D:9      | Learned a level 4 spell: Fulminant Prism
  8289 | D:9      | Reached skill level 5 in Axes
  8453 | D:9      | Reached skill level 5 in Fighting
  8600 | D:10     | Entered Level 10 of the Dungeon
  8798 | D:10     | Noticed Snorg
  8812 | D:10     | Killed Snorg
  9015 | D:10     | Lost mutation: You have a small jelly attached to you that
                  | senses nearby items. [Jiyva's grace]
  9015 | D:10     | Gained mutation: You passively map a small area around you.
                  | [Jiyva's grace]
  9015 | D:10     | Gained mutation: You passively map the area around you.
                  | [Jiyva's grace]
  9015 | D:10     | Gained mutation: You passively map a large area around you.
                  | [Jiyva's grace]
  9015 | D:10     | Gained mutation: Your natural rate of healing is unusually
                  | fast. [Jiyva's grace]
  9031 | D:10     | Found a staircase to the Lair.
  9351 | Lair:1   | Entered Level 1 of the Lair of Beasts
  9513 | Lair:2   | Reached XP level 12. HP: 82/82 MP: 0/0
  9517 | Lair:3   | Noticed a death yak
  9517 | Lair:3   | Noticed a death yak
  9524 | Lair:3   | Noticed a death yak
  9524 | Lair:3   | Noticed a death yak
  9536 | Lair:3   | Noticed a death yak
  9579 | Lair:3   | Noticed a five-headed hydra
  9587 | Lair:3   | HP: 3/82 [blink frog (9)]
  9588 | Lair:3   | Slain by a six-headed hydra

Illustrated notes

Levels and vault maps discovered:
D:1:      tarquinn_simple_flora_water_e, layout_loops_ring
D:2:      minmay_evil_eye, layout_basic, minmay_misc_feat_roman, moated_statue,
          uniq_terence
D:3:      layout_loops_ring, hellmonk_ecumenical_altar_heavens_door,
          chequers_serial_rivers_small_a
D:4:      layout_basic, uniq_natasha, uniq_pikel, uniq_ijyb,
          uniq_crazy_yiuf_cottage
D:5:      layout_basic, minmay_temple_entry_arrows, gup_sewer_entry_spiral,
          serial_shops, nicolae_shop_hallway_plus
D:6:      layout_basic, mainiacjoe_overflow_six_doors_small
D:7:      layout_cave_pods, hangedman_decor_peaks_small, dk_noncrumbling_2
D:8:      layout_basic, gammafunk_temple_of_torment, okawaru_altar_gauntlet_db,
          serial_shops, nicolae_shop_back_alley_shop, shop
D:9:      layout_roguey, lightli_fourway_metalbox, uniq_maggie
D:10:     layout_roguey, erik_lair_island, kennysheep_minor_cross, uniq_snorg
Lair:1:   layout_gridlike
Lair:2:   dreamdust_cave_troll, layout_cave_pods, chequers_serial_rivers_room_b,
          minmay_lindwurm_lava, serial_bayou_shore_b, lemuel_fruit_tree,
          grunt_megastairs_5, infiniplex_staircase_pool, lemuel_fruit_fields
Lair:3:   layout_roguey, minmay_swamp_entry_swarm,
          minmay_snake_entry_guardpost_large, grunt_megastairs_4,
          serial_bayou_shore_a, infiniplex_staircase_pool_2

Skill      XL: |  1  2  3  4  5  6  7  8  9 10 11 |
---------------+----------------------------------+-----
Stealth        | 1 2 3 4 |  4.9
Short Blades   | 1 2 3 |  3.0
Fighting       | 2 3 4 5 |  5.7
Throwing       | 1 2 3 4 |  4.2
Armour         | 2 3 4 5 |  5.7
Dodging        | 3 4 5 6 |  6.4
Spellcasting   | 1 2 3 |  3.8
Evocations     | 4 5 6 |  6.5
Staves         | 2 4 5 |  5.7
Axes           | 2 4 6 |  6.9
Maces & Flails | |  0.4

Action                     |  1- 3 |  4- 6 |  7- 9 | 10-12 || total
---------------------------+-------+-------+-------+-------++-------
  Melee: Dagger            |    58 |     5 |    74 |       ||   137
         Club              |     4 |       |       |       ||     4
         Bite              |       |       |    26 |    36 ||    62
         Quarterstaff      |       |       |   159 |       ||   159
         Battleaxe         |       |       |    41 |   233 ||   274
  Throw: Dart              |     1 |     4 |     1 |     7 ||    13
         Boomerang         |       |       |    10 |       ||    10
   Cast: Summon Small Mamm |       |       |     2 |       ||     2
         Vhi's Electric Ch |       |       |     3 |    22 ||    25
         Fulminant Prism   |       |       |       |     1 ||     1
 Invoke: Slimify           |       |       |       |     2 ||     2
         Oozemancy         |       |       |       |     1 ||     1
  Evoke: Wand              |     6 |     1 |    11 |    16 ||    34
    Use: Scroll            |     3 |       |     5 |    11 ||    19
         Potion            |       |       |     1 |     1 ||     2
   Stab: Sleeping          |       |       |    10 |     3 ||    13
 Armour: Leather armour    |    20 |       |    71 |    89 ||   180
         Ring mail         |       |       |    71 |       ||    71
         Skin              |       |       |    15 |     5 ||    20
  Dodge: Dodged            |    44 |     2 |   262 |   369 ||   677
